 Dungeon Crawl Stone Soup version 0.29-a0-380-gf50f0a9fbc (webtiles) character file.

Game seed: 15587409669426446095

203668 Pelinal the Acrobat (level 18, -5/129 HPs)
             Began as a Merfolk Ice Elementalist on May 6, 2022.
             Was an Elder of Ashenzari.
             Slain by a merfolk impaler
             ... wielding a +4 trident of venom
              (15 damage)
             ... on level 4 of the Shoals.
             The game lasted 02:15:35 (38641 turns).

Pelinal the Acrobat (Merfolk Ice Elementalist)     Turns: 38641, Time: 02:15:36

Health: -5/129     AC: 12    Str: 15    XL:     18   Next: 62%
Magic:  24/38      EV: 44    Int: 16    God:    Ashenzari [****..]
Gold:   718        SH: 19    Dex: 27    Spells: 19/32 levels left

rFire   + . .      SeeInvis +   W - +1 demon trident "Share My Omen" {Fort, Self} (curse)
rCold   + . .      Faith    .   q - +4 kite shield of Ashenzari's Stars {rC+, Cun, Melee} (curse)
rNeg    . . .      Spirit   .   N - +3 leather armour {rF+}
rPois   .          Reflect  .   a - +0 helmet of Ashenzari's Doubts {Range, Elem} (curse)
rElec   +          Harm     .   d - +1 cloak of Ashenzari's Black Moon {Melee, Alch} (curse)
rCorr   .          Rampage  .   n - +0 pair of gloves "Disgust of Ashenzari" {Evo, Range} (curse)
Will    ++...      Clarity  +   (boots currently unavailable)
Stlth   +++++.....              E - amulet of regeneration
HPRegen 1.11/turn               Y - ring "Peumenwe" {Will+ Dex+5 SInv}
MPRegen 0.26/turn               B - ring of the All-seeing Stars {Drain rElec MP+9 Dex+8, Cun, Fort} (curse)

@: lethally poisoned (-5 -> -48), marked, very quick
A: nimble swimmer 2, mertail
}: 1/15 runes: serpentine
a: Renounce Religion, Curse Item, Shatter the Chains


You were on level 4 of the Shoals.
You worshipped Ashenzari.
Ashenzari was greatly pleased with you.
You visited 7 branches of the dungeon, and saw 33 of its levels.
You visited 1 bazaar.
You also visited: Ossuary, Bailey and Ice Cave.

You collected 3071 gold pieces.
You spent 2353 gold pieces at shops.

Inventory:

Hand Weapons
 T - a +3 vampiric trident
 W - the cursed +1 demon trident "Share My Omen" (weapon) {Fort, Self}
   (You took it off Urug on level 12 of the Dungeon)

   It has a curse which improves the following skills: Fortitude: Armour and
   Shields.
   Introspection: Fighting and Spellcasting.
Armour
 a - the cursed +0 helmet of Ashenzari's Doubts (worn) {Range, Elem}
   (You found it on level 7 of the Dungeon)

   It has a curse which improves the following skills: Ranged Combat: Slings,
   Bows, Crossbows and Throwing.
   Elements:  Fire Magic, Ice Magic, Air Magic and Earth Magic.
 d - the cursed +1 cloak of Ashenzari's Black Moon (worn) {Melee, Alch}
   (You found it on level 1 of the Dungeon)

   It has a curse which improves the following skills: Melee Combat: Short
   Blades, Long Blades, Axes, Maces & Flails, Polearms, Staves and Unarmed
   Combat.
   Alchemy:   Poison Magic and Transmutations.
 n - the cursed +0 pair of gloves "Disgust of Ashenzari" (worn) {Evo, Range}
   (You found it on level 3 of the Dungeon)

   It has a curse which improves the following skills: Evocations: Evocations.
   Ranged Combat: Slings, Bows, Crossbows and Throwing.
 q - the cursed +4 kite shield of Ashenzari's Stars (worn) {rC+, Cun, Melee}
   (You found it in an ice cave)

   It has a curse which improves the following skills: Cunning: Dodging and
   Stealth.
   Melee Combat: Short Blades, Long Blades, Axes, Maces & Flails, Polearms,
   Staves and Unarmed Combat.
 u - a +1 leather armour of cold resistance
 D - the cursed +0 pair of boots of Ashenzari's Seeker (melded) {Cun, Alch}
   (You bought it in a shop in a bazaar)

   It has a curse which improves the following skills: Cunning: Dodging and
   Stealth.
   Alchemy:   Poison Magic and Transmutations.
 N - a +3 leather armour of fire resistance (worn)
Jewellery
 e - a ring of willpower
 f - a ring of poison resistance
 j - the ring "Geuwoli" {rF+ rCorr Str+5 Int+4}
   (You bought it in a shop in a bazaar)

   [ring of protection from fire]

   Str:       It affects your strength (+5).
   Int:       It affects your intelligence (+4).
   rF:        It protects you from fire.
   rCorr:     It protects you from acid and corrosion.
 t - a +4 ring of evasion
 w - a ring of protection from cold
 y - a ring of ice
 B - the cursed ring of the All-seeing Stars (right hand) {Drain rElec MP+9 Dex+8, Cun, Fort}
   (You acquired it in an ossuary)

   [ring of magical power]

   Dex:       It affects your dexterity (+8).
   rElec:     It insulates you from electricity.
   MP:        It affects your magic capacity (+9).
   Drain:     It drains your maximum health when unequipped.
   It has a curse which improves the following skills: Cunning: Dodging and
   Stealth.
   Fortitude: Armour and Shields.
 E - an amulet of regeneration (around neck)
 K - the ring "Lushrura" {Int+4 Dex+6}
   (You acquired it in an ossuary)

   [ring of dexterity]

   Int:       It affects your intelligence (+4).
   Dex:       It affects your dexterity (+6).
 Q - a +6 ring of intelligence
 U - an amulet of magic regeneration
 Y - the ring "Peumenwe" (left hand) {Will+ Dex+5 SInv}
   (You bought it in a shop in a bazaar)

   [ring of willpower]

   Dex:       It affects your dexterity (+5).
   SInv:      It lets you see invisible.
   Will:      It increases your willpower.
Wands
 c - a wand of paralysis (18)
 i - a wand of charming (19)
 k - a wand of polymorph (20)
 C - a wand of acid (2)
 I - a wand of iceblast (13)
 O - a wand of flame (33)
 R - a wand of digging (11)
Scrolls
 h - a scroll of enchant weapon
 m - 9 scrolls of fog
 p - a scroll of brand weapon
 v - 14 scrolls of teleportation
 x - a scroll of enchant armour
 z - 2 scrolls of fear
 A - 2 scrolls of silence
 J - 3 scrolls of summoning
 L - 9 scrolls of magic mapping
 P - 6 scrolls of poison
 Z - 3 scrolls of blinking
Potions
 b - 2 potions of magic
 g - 6 potions of flight
 o - 4 potions of brilliance
 s - 2 potions of haste
 F - 11 potions of curing
 G - 3 potions of attraction
 H - 3 potions of invisibility
 S - 2 potions of cancellation
 V - 2 potions of might
Miscellaneous
 r - a condenser vane
 M - a phial of floods
 X - a box of beasts (inert)


   Skills:
 - Level 6.0(8.0) Fighting
 - Level 14.0(16.8) Polearms
 - Level 7.9(10.9) Armour
 - Level 22.2(24.8) Dodging
 - Level 3.0(5.5) Stealth
 - Level 10.3(13.2) Shields
 - Level 5.8(7.8) Spellcasting
 + Level 7.7 Conjurations
 - Level 4.0 Necromancy
 * Level 14.4(16.2) Ice Magic
 - Level 7.9(10.0) Air Magic
 - Level 10.0(11.9) Evocations


You had 19 spell levels left.
You knew the following spells:

 Your Spells              Type           Power      Damage    Failure   Level
a - Freeze                Ice            100%       1d11      1%          1
b - Frozen Ramparts       Ice            100%       1d12      1%          3
c - Ozocubu's Armour      Ice            55%        N/A       1%          3
d - Freezing Cloud        Conj/Ice/Air   21%        6-21      7%          5
z - Animate Skeleton      Necr           38%        N/A       4%          1

Your spell library contained the following spells:

 Spells                   Type           Power      Damage    Failure   Level
 Hailstorm                Conj/Ice       44%        3d10      1%          4
 Pain                     Necr           76%        1d7       4%          1
 Mephitic Cloud           Conj/Pois/Air  25%        N/A       7%          3
 Vampiric Draining        Necr           19%        2d7       14%         3
 Dazzling Flash           Conj/Hex       36%        N/A       16%         3
 Stone Arrow              Conj/Erth      38%        3d9       16%         3
 Beastly Appendage        Tmut           14%        N/A       24%         1
 Sandblast                Erth           14%        2d6       24%         1
 Apportation              Tloc           12%        N/A       26%         1
 Iskenderun's Battlesphe  Conj           31%        2d8       30%         5
 Passwall                 Tmut/Erth      5%         N/A       34%         2
 Scorch                   Fire           14%        2d5       34%         2
 Wereblood                Tmut           7%         N/A       34%         2
 Ignite Poison            Fire/Tmut/Pois 7%         N/A       56%         3
 Spider Form              Tmut/Pois      6%         N/A       56%         3
 Confusing Touch          Hex            6%         N/A       61%         3
 Portal Projectile        Hex/Tloc       12%        N/A       61%         3
 Silence                  Hex/Air        11%        N/A       67%         5
 Agony                    Necr           19%        N/A       80%         5
 Excruciating Wounds      Necr           9%         N/A       80%         5
 Fireball                 Conj/Fire      9%         3d6       80%         5
 Animate Armour           Summ/Erth      12%        N/A       94%         4
 Passage of Golubria      Tloc           6%         N/A       95%         4
 Alistair's Intoxication  Tmut/Pois      4%         N/A       100%        5
 Blade Hands              Tmut           3%         N/A       100%        5
 Yara's Violent Unravell  Hex/Tmut       3%         3d4       100%        5
 Iron Shot                Conj/Erth      9%         9d3       100%        6
 Starburst                Conj/Fire      9%         6d5       100%        6
 Enfeeble                 Hex            3%         N/A       100%        7
 Spellforged Servitor     Conj/Summ      9%         N/A       100%        7
 Ignition                 Fire           3%         3d4       100%        8
 Lehudib's Crystal Spear  Conj/Erth      9%         10d4      100%        8


Dungeon Overview and Level Annotations

Branches:
Dungeon (15/15)            Temple (1/1) D:7            Lair (6/6) D:8
 Shoals (4/4) Lair:3        Snake (4/4) Lair:4        Slime (0/5) Lair:5
    Orc (2/2) D:9             Elf (0/3) Orc:2        Vaults (0/5) D:13
 Depths (1/4) D:15        Ossuary (visited)          Bailey (visited)
  IceCv (visited)

Altars:
Ashenzari
Cheibriados
Dithmenos
Elyvilon
Fedhas
Hepliaklqana
Kikubaaqudgha
Makhleb
Nemelex Xobeh
Okawaru
Qazlal
Ru
Sif Muna
Trog
Uskayaw
Wu Jian
Xom
Zin
The Shining One
Beogh
Jiyva
Lugonu

Shops:
D:11 *?(   Orc:2 ([([   Snake:2 *   Snake:3 !

Portals:
Abyss: Lair:6
Pandemonium: Depths:1

Annotations:
Lair:1 exclusion: oklob plant
Shoals:4 Polyphemus


Innate Abilities, Weirdness & Mutations

You are very nimble when in or above water. (Stealth+, EV+, Speed+++)
Your lower body shifts to a powerful aquatic tail in water.


Message History

The snapping turtle is engulfed in freezing vapours.
You kill the snapping turtle!
The death yak is engulfed in freezing vapours.
The sea snake is engulfed in freezing vapours.
The sea snake seems to slow down.
You kill the sea snake!
Unknown command.
The harpy attacks as you move away! You block the harpy's attack. x2
You feel sick. You block the harpy's attack. The harpy completely misses you.
The merfolk avatar chants a haunting song.
You are unaffected.
Unknown command.
Casting: Freezing Cloud (dangerous; 7% risk of failure)
Confirm with . or Enter, or press ? or * to list all spells.
You don't have enough magic to cast this spell.
Unknown command.
Magic courses through your body.
You feel sick. The harpy completely misses you.
The harpy claws you but does no damage. The merfolk impaler closely misses you.
The death yak is engulfed in freezing vapours.
You block the harpy's attack. x2; The sea snake completely misses you.
The merfolk impaler hits you from afar with a +4 trident of venom!!
* * * LOW HITPOINT WARNING * * *
You are lethally poisoned!
You feel much better.
You feel extremely sick. The harpy completely misses you. The harpy claws you.
* * * LOW HITPOINT WARNING * * *
You block the harpy's attack. x2
The death yak is engulfed in freezing vapours.
The merfolk impaler hits you from afar with a +4 trident of venom!!
* * * LOW HITPOINT WARNING * * *
You are more poisoned.
The merfolk avatar chants a haunting song.
You are unaffected.
You block the harpy's attack. The harpy completely misses you.
The wind drake is engulfed in freezing vapours.
You block the sea snake's attack.
The merfolk impaler hits you from afar with a +4 trident of venom!
You die...

≈≈≈≈......##).≈≈≈..# ≈≈≈ ≈ ≈ ≈
≈≈....≈≈≈....C≈☼§m§# .≈≈ ≈ ≈
.?≈.....≈≈≈≈§†○)○○§###.≈≈ ≈ ≈
(≈≈.##....☼≈m†§§k°○....≈≈ ≈
≈≈≈..##..≈○P≈≈≈Y≈≈))≈≈≈≈≈ ≈
.≈.......≈≈P≈PP≈Y)≈≈≈≈≈≈≈≈ ≈
.<≈≈......≈PPPP≈m≈≈≈≈≈≈≈≈≈ ≈≈
.≈≈(.....≈≈≈P≈kSH≈≈≈≈≈≈≈≈≈≈≈ ≈
≈......≈.≈≈≈≈≈P≈@≈≈≈≈≈≈≈≈ ≈ ≈
≈≈.......≈≈≈≈≈≈≈≈≈≈≈≈≈≈≈≈≈≈ ≈
≈≈ ≈.##..≈≈≈≈≈≈≈≈≈≈≈≈≈≈≈≈≈≈≈≈≈
≈ ≈ ≈..##..≈≈≈≈≈≈≈≈≈≈≈≈≈≈≈≈≈≈≈
≈ ≈
≈≈....≈≈≈≈≈≈≈≈≈≈≈≈≈≈≈≈≈≈≈≈≈≈≈≈
≈≈...≈≈≈≈≈≈≈≈≈≈≈≈≈≈≈≈≈≈≈≈ ≈≈
≈≈≈≈≈≈≈≈≈≈≈≈≈≈≈≈≈≈≈≈≈≈≈≈≈
≈≈≈≈≈≈≈≈≈≈≈≈≈≈≈≈≈≈≈≈≈≈≈ ≈ ≈
≈≈≈≈≈≈≈≈≈≈≈≈≈≈≈≈≈≈≈≈≈≈≈≈≈ ≈ ≈
≈≈≈


You could see Polyphemus, a merfolk avatar, a merfolk impaler (extremely
poisoned), 2 death yaks, a sea snake (slow), 2 wind drakes, a merfolk siren and
a harpy.

Vanquished Creatures
  Mara (Snake:4)
  Nikola (Shoals:4)
  Mlioglotl (Snake:4)
  2 quicksilver dragons (Snake:4)
  A kraken (Shoals:1)
  The ghost of Holoquod the Severer, an adept MiMo of Ashenzari (Snake:2)
  Kirke (Shoals:4)
  Donald (Snake:4)
  3 nagarajas (Snake:2)
  Aizul (Snake:1)
  2 orc warlords (Orc:2)
  A reaper (IceCv)
  A dire elephant (D:15)
  2 merfolk javelineers
  5 merfolk impalers
  Josephine (D:12)
  A fire dragon (D:14)
  3 hydras
  3 boulder beetles
  The ghost of sammy202020 the Fighter, a journeyman DsBe of Trog (D:10)
  Fannar (D:10)
  2 ice dragons
  5 salamander tyrants (Snake:4)
  A catoblepas (Lair:3)
  5 two-headed ogres
  9 anacondas
  4 centaur warriors
  2 merfolk avatars
  A satyr (Shoals:3)
  2 dancing weapons (D:13)
  A merfolk aquamancer (Shoals:2)
  11 naga warriors
  2 death yaks (Lair:5)
  3 thrashing horrors (Lair:6)
  Urug (D:12)
  2 orc high priests
  7 shock serpents
  10 naga sharpshooters
  2 large abominations (Lair:6)
  Sonja (Lair:6)
  2 salamander mystics
  3 naga ritualists
  2 lindwurms
  10 sea snakes
  3 orc knights
  A wolf spider zombie (D:15)
  A deep elf pyromancer (D:15)
  8 harpies
  20 ugly things
  2 orc sorcerers
  2 mana vipers
  16 fauns
  19 salamanders
  4 cyclopes
  9 manticores
  5 centaur zombies (D:15)
  12 elephants
  2 merfolk sirens
  Maurice (D:11)
  5 guardian serpents
  3 water nymphs
  2 ice statues (IceCv)
  30 black mambas
  A cane toad (shapeshifter) (Lair:6)
  2 smoke demons (Lair:6)
  2 torpor snails (Lair:5)
  17 naga magi
  3 gargoyles
  17 cane toads
  An unseen horror (D:10)
  10 komodo dragons
  2 kobold demonologists
  2 tengu conjurers
  Psyche (D:12)
  An ancient zyme (Lair:6)
  3 rime drakes
  7 ice devils (IceCv)
  3 anaconda simulacra (IceCv)
  5 entropy weaver simulacra (IceCv)
  3 trolls
  A harpy zombie (D:15)
  31 merfolk
  Grinder (D:6)
  4 wind drakes
  4 meliai
  A polar bear (shapeshifter) (D:12)
  21 slime creatures
  14 blink frogs
  2 hornets (D:10)
  5 snapping turtles
  7 dream sheep
  2 meliai zombies (D:15)
  A dire elephant simulacrum (IceCv)
  A shadow (D:10)
  A centaur simulacrum (D:12)
  A vampire (D:13)
  2 ynoxinuls (Lair:6)
  A wyvern (shapeshifter) (D:14)
  8 spriggans
  A hog (shapeshifter) (D:15)
  6 water elementals
  6 wyverns
  11 small abominations (Lair:6)
  Eustachio (D:4)
  A yak (shapeshifter) (Lair:6)
  33 yaks
  8 vampire mosquitoes
  7 wraiths
  4 basilisks
  A steam dragon (D:9)
  4 hogs (Shoals:4)
  Menkaure (D:5)
  A harpy simulacrum (IceCv)
  2 wargs
  37 nagas
  2 acid dragons
  6 water moccasins
  A floating eye (shapeshifter) (D:14)
  2 sky beasts (D:7)
  25 orc warriors
  2 black bears
  2 ice beasts
  13 ogres
  15 wolves
  3 centaurs
  9 bullfrogs
  A scorpion (D:6)
  A two-headed ogre simulacrum (IceCv)
  19 wights
  2 elephant simulacra (IceCv)
  6 killer bees (D:9)
  3 jellies
  14 orc priests
  4 hounds (D:6)
  Ijyb (D:3)
  A polar bear simulacrum (IceCv)
  Natasha (thrice) (D:4)
  30 orc wizards
  9 mummies
  7 adders
  A gnoll (D:1)
  A naga simulacrum (IceCv)
  A shadow imp (D:6)
  A white imp (D:7)
  2 worms
  4 dart slugs
  93 orcs
  7 endoplasms
  4 giant cockroaches
  13 goblins
  9 hobgoblins
  8 jackals
  7 kobolds
  5 quokkas
  14 ball pythons
  3 bats
  3 frilled lizards
  A jackal zombie (D:5)
  2 kobold zombies (Ossuary)
  6 orc zombies (Ossuary)
  6 rats
  A spectral hobgoblin (D:8)
  2 tentacles (Shoals:1)
954 creatures vanquished.

Vanquished Creatures (collateral kills)
  3 harpies (Shoals:4)
  A rime drake (Lair:4)
  A blink frog (Lair:6)
  5 yaks
  A water moccasin (Lair:5)
  2 wolves (Lair:5)
  A small abomination (Lair:6)
14 creatures vanquished.

Vanquished Creatures (others)
  A tengu conjurer (D:14)
  17 fungi
  61 plants
  7 tentacles (Shoals:1)
86 creatures vanquished.

Grand Total: 1054 creatures vanquished

Notes
Turn   | Place    | Note
-------+----------+-------------------------------------------
     0 | D:1      | Pelinal the Merfolk Ice Elementalist began the quest for
                  | the Orb.
     0 | D:1      | Reached XP level 1. HP: 13/13 MP: 3/3
   392 | D:1      | Reached XP level 2. HP: 19/19 MP: 3/5
   398 | D:1      | Reached skill level 3 in Dodging
   754 | D:1      | Reached XP level 3. HP: 23/24 MP: 2/6
  1469 | D:1      | Reached skill level 5 in Ice Magic
  1636 | D:1      | Learned a level 3 spell: Frozen Ramparts
  1640 | D:1      | Learned a level 3 spell: Ozocubu's Armour
  2079 | D:2      | Reached XP level 4. HP: 24/30 MP: 3/7
  2233 | D:2      | Learned a level 1 spell: Animate Skeleton
  2286 | D:2      | Identified the +8 spear of Fedhas's Fury {vorpal, Int+3}
  2299 | D:2      | Found Asaret's Distillery.
  2310 | D:2      | Bought a potion of degeneration for 11 gold pieces
  2813 | D:3      | Noticed an ogre
  2825 | D:3      | Killed an ogre
  2826 | D:3      | Reached XP level 5. HP: 9/35 MP: 1/8
  3256 | D:3      | Identified the +1 scale mail of Protective Custody {rPois
                  | Int+2}
  3305 | D:3      | Found a shadowy altar of Dithmenos.
  3782 | D:3      | Noticed Ijyb
  3788 | D:3      | Reached XP level 6. HP: 34/41 MP: 9/9
  3800 | D:3      | Killed Ijyb
  4339 | D:4      | Noticed Eustachio
  4365 | D:4      | Killed Eustachio
  4515 | D:4      | Noticed Natasha
  4520 | D:4      | Killed Natasha
  4521 | D:4      | Reached skill level 1 in Necromancy
  4521 | D:4      | Reached XP level 7. HP: 40/46 MP: 6/10
  5163 | D:4      | Found a shimmering blue altar of Sif Muna.
  5339 | D:4      | Noticed Natasha
  5345 | D:4      | Killed Natasha
  5417 | D:4      | Noticed Natasha
  5423 | D:4      | Killed Natasha
  5439 | D:5      | Entered Level 5 of the Dungeon
  5510 | D:5      | Noticed Menkaure
  5521 | D:5      | Killed Menkaure
  5835 | D:5      | Found a sand-covered staircase.
  5873 | Ossuary  | Entered an ossuary
  6299 | Ossuary  | Identified 2 scrolls of acquirement
  6299 | Ossuary  | Acquired the ring "Lushrura" {Int+4 Dex+6}
  6303 | Ossuary  | Acquired the ring of Vuojosee {Drain rElec MP+9 Dex+8}
  6409 | D:5      | Found a sacrificial altar of Ru.
  6417 | D:5      | Reached skill level 1 in Polearms
  6469 | D:6      | Noticed Grinder
  6516 | D:6      | Reached XP level 8. HP: 49/52 MP: 11/11
  6678 | D:6      | Killed Grinder
  6679 | D:6      | Reached skill level 4 in Dodging
  6748 | D:6      | Reached skill level 5 in Polearms
  6788 | D:6      | Reached skill level 5 in Dodging
  7997 | D:7      | Reached skill level 6 in Dodging
  7997 | D:7      | Reached XP level 9. HP: 52/57 MP: 5/12
  8096 | D:7      | Found a staircase to the Ecumenical Temple.
  8105 | Temple   | Entered the Ecumenical Temple
  8158 | Temple   | Became a worshipper of Ashenzari the Shackled
  8316 | D:7      | Reached skill level 7 in Dodging
  9033 | D:8      | Found a hazy altar of Hepliaklqana.
  9044 | D:8      | Reached skill level 10 in Polearms
  9120 | D:8      | Reached skill level 8 in Dodging
  9188 | D:8      | Found an ornate altar of the Wu Jian Council.
  9194 | D:8      | Found a glowing golden altar of the Shining One.
  9202 | D:8      | Found a white marble altar of Elyvilon.
  9211 | D:8      | Found a burning altar of Makhleb.
  9226 | D:8      | Found a blossoming altar of Fedhas.
  9234 | D:8      | Found a glowing silver altar of Zin.
  9238 | D:8      | Found a stormy altar of Qazlal.
  9404 | D:8      | Found a staircase to the Lair.
  9764 | Lair:1   | Entered Level 1 of the Lair of Beasts
  9799 | Lair:1   | Found a shadowy altar of Dithmenos.
  9800 | Lair:1   | Noticed an oklob plant
  9880 | Lair:1   | Reached XP level 10. HP: 61/63 MP: 13/13
 10105 | Lair:1   | Identified the +1 chain mail of Jeycva {Rampage rN+ Str-3
                  | SInv}
 10119 | Lair:1   | Reached skill level 9 in Dodging
 10179 | Lair:1   | Noticed a cane toad
 10190 | Lair:1   | Killed a cane toad
 10492 | Lair:1   | Noticed a black mamba
 10505 | Lair:1   | Killed a black mamba
 10506 | Lair:1   | Reached skill level 10 in Dodging
 10844 | Lair:2   | Noticed an elephant
 10872 | Lair:2   | Reached skill level 11 in Dodging
 10887 | Lair:2   | Killed an elephant
 10888 | Lair:2   | Reached skill level 12 in Dodging
 10962 | Lair:2   | Noticed a cane toad
 10962 | Lair:2   | Noticed a cane toad
 10962 | Lair:2   | Noticed a cane toad
 10973 | Lair:2   | Killed a cane toad
 10978 | Lair:2   | Killed a cane toad
 10979 | Lair:2   | Reached skill level 13 in Dodging
 10983 | Lair:2   | Killed a cane toad
 10984 | Lair:2   | Reached XP level 11. HP: 63/68 MP: 14/14
 11317 | Lair:2   | Reached * piety under Ashenzari
 11321 | Lair:2   | Reached skill level 14 in Dodging
 11559 | Lair:2   | Reached skill level 15 in Dodging
 12000 | Lair:3   | Found a staircase to the Shoals.
 12081 | Lair:3   | Reached skill level 16 in Dodging
 12193 | Lair:3   | Noticed a catoblepas
 12220 | Lair:3   | Killed a catoblepas
 12761 | Lair:3   | Reached skill level 17 in Dodging
 13780 | D:2      | Bought a potion of flight for 33 gold pieces
 13780 | D:2      | Bought a potion of resistance for 110 gold pieces
 13780 | D:2      | Bought a potion of heal wounds for 55 gold pieces
 13780 | D:2      | Bought a potion of flight for 33 gold pieces
 13780 | D:2      | Bought a potion of cancellation for 88 gold pieces
 13780 | D:2      | Bought a potion of magic for 88 gold pieces
 13780 | D:2      | Bought a potion of haste for 110 gold pieces
 13780 | D:2      | Bought a potion of heal wounds for 55 gold pieces
 13780 | D:2      | Bought a potion of heal wounds for 55 gold pieces
 14025 | Lair:4   | Noticed a lindwurm
 14055 | Lair:4   | Noticed a five-headed hydra
 14071 | Lair:4   | Killed a five-headed hydra
 14106 | Lair:4   | Killed a lindwurm
 14107 | Lair:4   | Reached skill level 18 in Dodging
 14111 | Lair:4   | Reached XP level 12. HP: 61/74 MP: 15/15
 14126 | Lair:4   | Found a staircase to the Snake Pit.
 14583 | Lair:4   | Reached skill level 19 in Dodging
 15294 | Lair:5   | Reached skill level 20 in Dodging
 15681 | Lair:5   | Noticed a death yak
 15682 | Lair:5   | Noticed a death yak
 15703 | Lair:5   | Killed a death yak
 15717 | Lair:5   | Killed a death yak
 15718 | Lair:5   | Reached skill level 21 in Dodging
 15905 | Lair:5   | Reached XP level 13. HP: 78/79 MP: 16/16
 16015 | Lair:5   | Reached skill level 22 in Dodging
 16201 | Lair:5   | Learned a level 5 spell: Freezing Cloud
 16309 | Lair:5   | Found a viscous altar of Jiyva.
 16310 | Lair:5   | Found a staircase to the Slime Pits.
 16676 | Lair:6   | Entered Level 6 of the Lair of Beasts
 16719 | Lair:6   | Noticed Sonja
 16736 | Lair:6   | Reached skill level 1 in Conjurations
 16741 | Lair:6   | Reached skill level 1 in Air Magic
 16757 | Lair:6   | Killed Sonja
 18023 | Lair:6   | Reached skill level 10 in Ice Magic
 19442 | Lair:6   | Found a corrupted altar of Lugonu.
 19442 | Lair:6   | Found a one-way gate to the infinite horrors of the Abyss.
 19833 | D:9      | Reached XP level 14. HP: 74/85 MP: 17/17
 20230 | D:9      | Found a staircase to the Orcish Mines.
 20439 | Orc:1    | Entered Level 1 of the Orcish Mines
 20970 | Orc:2    | Entered Level 2 of the Orcish Mines
 20988 | Orc:2    | Found a frozen archway.
 21001 | IceCv    | Entered an ice cave
 21910 | IceCv    | Noticed a reaper
 21931 | IceCv    | Killed a reaper
 22035 | Orc:2    | Found a staircase to the Elven Halls.
 22105 | Orc:2    | Reached skill level 1 in Shields
 22157 | Orc:2    | Found Onwega's Armour Emporium.
 22337 | Orc:2    | Reached skill level 1 in Evocations
 22616 | Orc:2    | Noticed an orc warlord
 22643 | Orc:2    | Killed an orc warlord
 22739 | Orc:2    | Found Wassa's Antique Weapon Shop.
 22742 | Orc:2    | Found Loitunu's Antique Armour Boutique.
 22864 | Orc:2    | Found Taowiph's Antique Weapon Shoppe.
 23265 | Orc:2    | Noticed an orc warlord
 23291 | Orc:2    | Killed an orc warlord
 23459 | D:10     | Entered Level 10 of the Dungeon
 23609 | D:10     | Found a flagged portal.
 23618 | Bailey   | Entered a bailey
 23698 | Bailey   | Reached skill level 5 in Shields
 23880 | D:10     | Noticed Fannar
 23925 | D:10     | Killed Fannar
 23995 | D:10     | Found a large runed translucent door.
 23995 | D:10     | Found a large runed translucent door.
 23998 | D:10     | Noticed sammy202020's ghost (journeyman DsBe)
 24062 | D:10     | Got the Incunabulum of Earth and Ignition
 24204 | D:10     | Killed sammy202020's ghost
 24205 | D:10     | Reached skill level 5 in Evocations
 24451 | D:11     | Found Xicoul's General Store.
 24458 | D:11     | Found a flickering gateway to a bazaar.
 24467 | Bazaar   | Entered a bazaar
 24483 | Bazaar   | Found Sabuishijuwk's Distillery.
 24484 | Bazaar   | Found Quiklu Tewna's Jewellery Emporium.
 24522 | Bazaar   | Found Kiudodil's Jewellery Shoppe.
 24522 | Bazaar   | Found Waumeip's Antique Armour Shoppe.
 24544 | Bazaar   | Bought a pair of boots for 121 gold pieces
 24575 | Bazaar   | Bought the ring "Peumenwe" {Will+ Dex+5 SInv} for 513 gold
                  | pieces
 24575 | Bazaar   | Bought the ring "Geuwoli" {rF+ rCorr Str+5 Int+4} for 621
                  | gold pieces
 24674 | D:11     | Reached XP level 15. HP: 90/90 MP: 18/18
 24772 | D:11     | Found Fimizey's Magic Scroll Shop.
 24789 | D:11     | Noticed Maurice
 24826 | D:11     | Killed Maurice
 24827 | D:11     | Reached ** piety under Ashenzari
 24900 | D:11     | Found Sody's Antique Weapon Boutique.
 25178 | D:12     | Noticed Urug
 25225 | D:12     | Killed Urug
 25232 | D:12     | Noticed Josephine
 25244 | D:12     | Killed Josephine
 25668 | D:12     | Identified the +9 quarterstaff of Symmetry {holy, *Noise
                  | rC++ Str+3 Int+2}
 25768 | D:12     | Reached skill level 1 in Armour
 25828 | D:12     | Noticed Psyche
 25838 | D:12     | Killed Psyche
 26750 | D:13     | Found a gate to the Vaults.
 26850 | D:13     | Identified the +0 helmet of Qumifuw {rC+}
 26907 | D:13     | Reached *** piety under Ashenzari
 27060 | D:13     | Reached skill level 1 in Fighting
 27962 | D:14     | Reached skill level 5 in Fighting
 27962 | D:14     | Reached skill level 5 in Spellcasting
 28368 | D:15     | Entered Level 15 of the Dungeon
 28815 | D:15     | Reached XP level 16. HP: 116/116 MP: 27/27
 28849 | D:15     | Reached skill level 5 in Conjurations
 28897 | D:15     | Reached skill level 5 in Air Magic
 29011 | D:15     | Found a staircase to the Depths.
 29044 | D:15     | Identified the cursed +0 pair of boots of Ashenzari's
                  | Seeker {Cun, Alch} (You bought it in a shop in a bazaar)
 29473 | Depths:1 | Entered Level 1 of the Depths
 29544 | Depths:1 | Found a one-way gate leading to the halls of Pandemonium.
 29808 | Snake:1  | Entered Level 1 of the Snake Pit
 29943 | Snake:1  | Noticed Aizul
 29977 | Snake:1  | Killed Aizul
 30799 | Snake:2  | Reached **** piety under Ashenzari
 30912 | Snake:2  | Noticed a nagaraja
 30934 | Snake:2  | Killed a nagaraja
 31218 | Snake:2  | Found a runed translucent door.
 31220 | Snake:2  | Noticed Holoquod's ghost (adept MiMo)
 31450 | Snake:2  | Noticed a nagaraja
 31457 | Snake:2  | Killed a nagaraja
 31916 | Snake:2  | Noticed a nagaraja
 31927 | Snake:2  | Killed a nagaraja
 32095 | Snake:2  | Found Qiruy's General Store.
 32103 | Snake:2  | Bought a scroll of summoning for 142 gold pieces
 32104 | Snake:2  | Bought a wand of acid (4) for 240 gold pieces
 32508 | Snake:2  | Killed Holoquod's ghost
 32911 | Snake:3  | Found Guczegusk's Distillery.
 32915 | Snake:3  | Bought a potion of curing for 39 gold pieces
 32915 | Snake:3  | Bought a potion of curing for 39 gold pieces
 33045 | Snake:3  | Identified the +4 chain mail of the Beggar {rElec rPois
                  | Int-2 Stlth-}
 33467 | Snake:3  | Reached XP level 17. HP: 122/122 MP: 28/28
 33515 | Snake:4  | Entered Level 4 of the Snake Pit
 33713 | Snake:4  | Noticed Donald
 33731 | Snake:4  | Killed Donald
 33826 | Snake:4  | Reached skill level 5 in Armour
 33883 | Snake:4  | Identified the +8 war axe "Jellybane" {drain, Fly rC+
                  | Int-4}
 34435 | Snake:4  | Noticed Mlioglotl
 34456 | Snake:4  | Noticed a tentacled starspawn
 34457 | Snake:4  | Killed Mlioglotl
 34705 | Snake:4  | Noticed Mara
 34718 | Snake:4  | Noticed Pelinal's illusion
 34729 | Snake:4  | Killed Mara
 35407 | Snake:4  | Noticed a quicksilver dragon
 35425 | Snake:4  | Noticed a quicksilver dragon
 35426 | Snake:4  | Killed a quicksilver dragon
 35442 | Snake:4  | Killed a quicksilver dragon
 35827 | Snake:4  | Got a serpentine rune of Zot
 36203 | Shoals:1 | Entered Level 1 of the Shoals
 36761 | Shoals:1 | Found a snail-covered altar of Cheibriados.
 36788 | Shoals:1 | Noticed a kraken
 36806 | Shoals:1 | Killed a kraken
 37050 | Shoals:2 | Reached XP level 18. HP: 129/129 MP: 14/29
 37213 | Shoals:2 | Reached skill level 10 in Shields
 37541 | Shoals:2 | Reached skill level 10 in Evocations
 38491 | Shoals:4 | Entered Level 4 of the Shoals
 38577 | Shoals:4 | Noticed Nikola
 38613 | Shoals:4 | Killed Nikola
 38623 | Shoals:4 | Noticed Kirke
 38623 | Shoals:4 | Identified the ring "Qeliutz" {Fire Dex+6 Slay+6 Stlth-}
 38633 | Shoals:4 | Noticed Polyphemus
 38636 | Shoals:4 | Killed Kirke
 38641 | Shoals:4 | Slain by a merfolk impaler

Illustrated notes

Levels and vault maps discovered:
D:1:      dpeg_arrival_pits, layout_loops_ring, minmay_pentomino_r4
D:2:      layout_loops_ring, serial_shops, nicolae_shop_advertising_works
          [nicolae_subvault_shop_adworks], dreamdust_wishing_well,
          chequers_jeans
D:3:      layout_loops_cross, nicolae_dithmenos_the_darkroom,
          minmay_misc_feat_roman, chequers_serial_rivers_large_b, uniq_ijyb
D:4:      layout_loops_corners, lemuel_blue_sif_altar, uniq_eustachio,
          uniq_natasha
D:5:      layout_rooms, mainiacjoe_overflow_six_doors_small, enter_ossuary_3,
          uniq_menkaure
D:6:      layout_basic, uniq_grinder
D:7:      layout_layer_cave, minmay_temple_entry_glass,
          eino_small_chamber_without_monster
D:8:      layout_loops_ring, nicolae_hepliaklqana_monster_ancestors,
          grunt_temple_overflow_octagram, lair_entry_dummy, grunt_ministairs_4
D:9:      layout_rooms, david_orc_2
D:10:     layout_loops_ring, enter_bailey_5, ebering_ghost_disaster_area,
          uniq_fannar
D:11:     layout_cave_pools, serial_shops, bzr_entry_water, shop_fountains,
          nicolae_diamond_shop, nicolae_shop_hallway_stairs, uniq_maurice
D:12:     minmay_chopped_fan, layout_loops_cross, hive_lemuel, uniq_urug,
          uniq_josephine, uniq_psyche
D:13:     layout_irregular_city, erik_vaults_1, serial_park_tiny_1
D:14:     layout_rooms, hex_tiny
D:15:     hangedman_depths_entry_try_elsewhere_first, layout_basic,
          serial_undead, serial_undead_b, serial_undead_e, serial_undead_b,
          serial_undead_d
Temple:   jpeg_temple_clearing
Lair:1:   layout_concentric_octagons, lemuel_oklob_altar
Lair:2:   layout_gridlike, hangedman_lair_generics_rect
Lair:3:   layout_layer_cave, minmay_shoals_entry_hut, serial_rivers,
          chequers_serial_rivers_micro_c, chequers_serial_rivers_large_a,
          chequers_serial_rivers_marsh, chequers_serial_rivers_micro_d,
          chequers_serial_rivers_small_3
Lair:4:   layout_hall_layers, guppyfry_snake_entry_garden, serial_bayou_shore_b,
          grunt_megastairs_2
Lair:5:   layout_gridlike, slime_altar_1
Lair:6:   hellmonk_lair_end_abyssal_woods, layout_cave_pods, uniq_sonja
Shoals:1: layout_shoals, wheals_shoals_ruined_temple
Shoals:2: layout_shoals
Shoals:3: layout_shoals, serial_shops, nicolae_shop_hallway_plus
Shoals:4: shoals_end_hangedman, layout_shoals, uniq_polyphemus, uniq_kirke,
          uniq_nikola
Snake:1:  layout_misc_corridors, uniq_aizul
Snake:2:  layout_gridlike, ebering_ghost_inner_flame, serial_shops, shop,
          nicolae_snake_gridmaze_squiggle
Snake:3:  layout_basic, minmay_shop_star
Snake:4:  hellmonk_snake_rune_quicksilver_temple, layout_layer_cave,
          nicolae_snake_squiggles, uniq_donald, uniq_mara, uniq_mlioglotl
Orc:1:    layout_caves, guppyfry_library_mini
Orc:2:    grunt_orc_community_town_hall, layout_caves,
          grunt_orc_community_big_house_1, grunt_orc_community_big_house_1,
          grunt_orc_community_house_2, grunt_orc_community_house_3,
          grunt_orc_community_house_2, grunt_orc_community_house_3,
          grunt_orc_community_house_1, grunt_orc_community_house_1,
          portal_ice_cave_entry_pillars_1
Depths:1: layout_gridlike, enter_ziggurat_e, rand_demon_pan_entry_1,
          lightli_too_deep, grunt_decor_fettered, solitary_fountain,
          hangedman_abyss_or_decor_stagger, kennysheep_generic_room_4,
          uniq_enchantress

Skill      XL: |  1  2  3  4  5  6  7  8  9 10 11 12 13 14 15 16 17 18 |
---------------+-------------------------------------------------------+-----
Dodging        | 3 6 8 13 18 21 22 | 22.2
Ice Magic      | 5 6 7 8 10 11 13 14 | 14.4
Stealth        | 3 |  3.0
Necromancy     | 1 4 |  4.0
Polearms       | 1 7 11 12 13 14 | 14.0
Conjurations   | 3 4 7 |  7.7
Air Magic      | 3 4 7 |  7.9
Shields        | 5 7 9 10 | 10.3
Evocations     | 5 6 7 9 10 | 10.0
Armour         | 3 4 7 |  7.9
Fighting       | 6 |  6.0
Spellcasting   | 5 |  5.8

Action                   |  1- 3 |  4- 6 |  7- 9 | 10-12 | 13-15 | 16-18 || total
-------------------------+-------+-------+-------+-------+-------+-------++-------
Melee: Unarmed           |     5 |       |       |       |       |       ||     5
       Dagger            |    58 |     7 |       |       |       |       ||    65
       Spear             |       |    50 |   283 |   485 |   527 |       ||  1345
       Punch             |       |       |     3 |    12 |    27 |       ||    42
       Tailslap          |       |       |       |     3 |     2 |    44 ||    49
       Trident           |       |       |       |       |  1044 |       ||  1044
       Demon trident     |       |       |       |       |   551 |  1283 ||  1834
Throw: Stone             |       |       |       |     1 |       |       ||     1
 Cast: Freeze            |    44 |    10 |    16 |     3 |    16 |    10 ||    99
       Frozen Ramparts   |     1 |     8 |    14 |    26 |    94 |    65 ||   208
       Ozocubu's Armour  |       |     3 |    20 |    24 |    98 |    70 ||   215
       Animate Skeleton  |       |     1 |     2 |    31 |    20 |     5 ||    59
       Freezing Cloud    |       |       |       |       |       |   105 ||   105
Invok: Curse Item        |       |       |     1 |     1 |     4 |     2 ||     8
       Shatter the Chain |       |       |       |       |     1 |       ||     1
Evoke: Box of beasts     |       |       |       |       |     1 |     1 ||     2
       Wand              |       |       |       |       |     1 |     3 ||     4
       Phial of floods   |       |       |       |       |     1 |       ||     1
  Use: Scroll            |     4 |     2 |    11 |       |    13 |     3 ||    33
       Potion            |       |       |     3 |     6 |    13 |     9 ||    31
 Stab: Sleeping          |     2 |    10 |    13 |     6 |    15 |    20 ||    66
       Distracted        |       |       |     1 |     1 |     4 |     6 ||    12
       Invisible         |       |       |       |       |     8 |       ||     8
Armor: Robe              |    24 |     3 |    43 |    26 |   111 |       ||   207
       Skin              |       |    15 |     5 |    25 |       |       ||    45
       Leather armour    |       |     7 |     2 |       |    74 |   120 ||   203
Dodge: Dodged            |    62 |    24 |   136 |   295 |  1325 |   829 ||  2671
Block: Kite shield       |       |       |       |       |   487 |   875 ||  1362

Table legend: (Time is in decaauts)
 A = Elapsed time spent in this place.
 B = Non-inter-level travel time spent in this place.
 C = Inter-level travel time spent in this place.
 D = Time resting spent in this place.
 E = Time spent auto-exploring this place.
 F = Levels seen in this place.
 G = Mean time per level.
                   A        B        C        D        E       F      G
               +--------+--------+--------+--------+--------+-----+--------+
         Total |  36919 |  34325 |   2594 |   5746 |  18783 |  37 |  997.8 |
       Dungeon |  15888 |  14362 |   1526 |   2261 |   8564 |  15 | 1059.2 |
        Temple |     84 |     59 |     25 |      0 |     36 |   1 |   84.0 |
          Lair |   9247 |   8630 |    617 |   2084 |   4793 |   6 | 1541.2 |
        Shoals |   2032 |   2020 |     12 |    396 |    653 |   4 |  508.0 |
     Snake Pit |   6143 |   5933 |    210 |    702 |   3494 |   4 | 1535.8 |
  Orcish Mines |   1868 |   1682 |    186 |     43 |    994 |   2 |  934.0 |
        Depths |     99 |     83 |     16 |      0 |      0 |   1 |   99.0 |
        Bazaar |    125 |    125 |      0 |      0 |     15 |   1 |  125.0 |
       Ossuary |    439 |    439 |      0 |     79 |    230 |   1 |  439.0 |
        Bailey |    163 |    163 |      0 |      0 |      0 |   1 |  163.0 |
      Ice Cave |    826 |    826 |      0 |    180 |      2 |   1 |  826.0 |
               +--------+--------+--------+--------+--------+-----+--------+

Top non-repeatable levels by time:
  Lair:6: 2737 daAuts
 Snake:4: 2467 daAuts
     D:1: 1982 daAuts
 Snake:2: 1712 daAuts
     D:6: 1638 daAuts
     D:3: 1602 daAuts
  Lair:3: 1597 daAuts
  Lair:5: 1516 daAuts
   Orc:2: 1342 daAuts
  Lair:2: 1266 daAuts
     D:4: 1199 daAuts
  Lair:1: 1113 daAuts
     D:8: 1087 daAuts
    D:15: 1083 daAuts
    D:12: 1061 daAuts
